 Dungeon Crawl Stone Soup version 0.22.0 (webtiles) character file.

10349 Blackhawk the Blocker (level 11, -7/89 HPs)
             Began as a Gnoll Fighter on Oct 21, 2018.
             Was an Elder of Okawaru.
             Mangled by a ten-headed hydra (13 damage)
             ... on level 11 of the Dungeon on Oct 22, 2018.
             The game lasted 00:20:11 (11116 turns).

Blackhawk the Blocker (Gnoll Fighter)              Turns: 11116, Time: 00:20:12

Health: -7/89      AC: 18    Str: 29    XL:     11   Next: 60%
Magic:  20/20      EV: 14    Int: 11    God:    Okawaru [****..]
Gold:   619        SH: 12    Dex: 14    Spells: 22/22 levels left

rFire    x . .     SeeInvis .   a - +0 flail
rCold    . . .     Gourm    .   c - +0 shield
rNeg     . . .     Faith    .   F - +3 ring mail of Hefimoy {rF- rCorr Slay+2 Stlth+}
rPois    .         Spirit   .   C - +2 helmet of Lyunal {MR+ Str+2}
rElec    .         Reflect  .   H - +1 cloak
rCorr    +         Harm     .   r - +0 pair of gloves
MR       +....                  B - +0 pair of boots
Stlth    ++++......             (no amulet)
HPRegen  0.24/turn              I - +3 ring of slaying
MPRegen  0.17/turn              p - +5 ring of strength

@: no status effects
A: distributed training, fangs 1, strong nose
a: Heroism, Renounce Religion


You were on level 11 of the Dungeon.
You worshipped Okawaru.
Okawaru was greatly pleased with you.
You were not hungry.

You visited 2 branches of the dungeon, and saw 12 of its levels.

You collected 619 gold pieces.

Inventory:

Hand Weapons
 a - a +0 flail (weapon)
 l - a +1 hunting sling
 O - the +9 war axe of Kosex Poq {pain, rF+}
   (You found it on level 9 of the Dungeon)

   In the hands of one skilled in necromantic magic, it inflicts extra damage on
   living creatures.
   It protects you from fire.
Missiles
 g - 373 stones (quivered)
 h - 15 tomahawks
 t - 129 sling bullets
 u - 5 tomahawks of returning
Armour
 b - a +1 cloak
 c - a +0 shield (worn)
 r - a +0 pair of gloves (worn)
 B - a +0 pair of boots (worn)
 C - the +2 helmet of Lyunal (worn) {MR+ Str+2}
   (You found it on level 5 of the Dungeon)

   It affects your strength (+2).
   It affects your resistance to hostile enchantments.
 F - the +3 ring mail of Hefimoy (worn) {rF- rCorr Slay+2 Stlth+}
   (You found it on level 5 of the Dungeon)

   It affects your accuracy and damage with ranged weapons and melee attacks
   (+2).
   It makes you vulnerable to fire.
   It provides partial protection from all sources of acid and corrosion.
   It makes you more stealthy.
 H - a +1 cloak (worn)
 N - a +0 troll leather armour
Jewellery
 k - an uncursed ring of see invisible
 p - a +5 ring of strength (right hand)
 I - a +3 ring of slaying (left hand)
Wands
 s - a wand of paralysis (12)
 v - a wand of flame (62)
 x - a wand of polymorph (8)
 y - a wand of disintegration (12)
 K - a wand of iceblast (23)
 M - a wand of random effects (28)
Scrolls
 e - 7 scrolls of teleportation
 j - 4 scrolls of remove curse
 m - 2 scrolls of enchant weapon
 w - 3 scrolls of enchant armour
 D - 2 scrolls of blinking
 G - a scroll of magic mapping
 Q - 4 scrolls of identify
 R - a scroll of brand weapon {unknown}
 T - a scroll of fog {unknown}
Potions
 d - a potion of might
 n - 2 potions of curing
 o - a potion of invisibility
 q - 2 potions of brilliance
 z - 3 potions of lignification
 A - 2 potions of mutation
 J - a potion of ambrosia {unknown}
 L - 2 potions of degeneration
 P - 2 potions of haste {unknown}
 S - a potion of berserk rage {unknown}
 U - a potion of flight {unknown}
Comestibles
 f - 17 rations
 i - 3 chunks of flesh


   Skills:
 + Level 9.2 Fighting
 + Level 6.3 Short Blades
 + Level 6.3 Long Blades
 + Level 6.3 Axes
 + Level 7.9 Maces & Flails
 + Level 6.3 Polearms
 + Level 6.3 Staves
 + Level 6.3 Slings
 + Level 6.3 Bows
 + Level 6.3 Crossbows
 + Level 6.3 Throwing
 + Level 9.2 Armour
 + Level 6.3 Dodging
 + Level 6.3 Stealth
 + Level 9.2 Shields
 + Level 6.3 Unarmed Combat
 + Level 6.3 Spellcasting
 + Level 5.2 Conjurations
 + Level 5.2 Hexes
 + Level 5.2 Charms
 + Level 5.2 Summonings
 + Level 5.2 Necromancy
 + Level 5.2 Translocations
 + Level 5.2 Transmutations
 + Level 5.2 Fire Magic
 + Level 5.2 Ice Magic
 + Level 5.2 Air Magic
 + Level 5.2 Earth Magic
 + Level 5.2 Poison Magic
 + Level 7.0 Invocations
 + Level 6.3 Evocations


You had 22 spell levels left.
You didn't know any spells.
Your spell library contained the following spells:

 Spells                   Type           Power        Failure   Level  Hunger
 Magic Dart               Conj           ###.         6%          1    None
 Fireball                 Conj/Fire      ###.......   86%         5    ######.
 Conjure Flame            Conj/Fire      ###.....     19%         3    ###....
 Slow                     Hex            ###.....     10%         2    ##.....
 Throw Flame              Conj/Fire      ###...       10%         2    ##.....
 Mephitic Cloud           Conj/Pois/Air  ###.....     19%         3    ###....
 Blink                    Tloc           N/A          10%         2    ##.....
 Sticky Flame             Conj/Fire      ###.....     52%         4    ####...
 Call Imp                 Summ           ###.....     10%         2    ##.....
 Stone Arrow              Conj/Erth      ###...       19%         3    ###....
 Spider Form              Tmut/Pois      ###.......   19%         3    ###....
 Blade Hands              Tmut           ###.......   86%         5    ######.
 Ice Form                 Ice/Tmut       ###.....     52%         4    ####...
 Flame Tongue             Conj/Fire      ###..        6%          1    None
 Passwall                 Tmut/Erth      ###.....     10%         2    ##.....
 Sticks to Snakes         Tmut           ###.....     10%         2    ##.....
 Lee's Rapid Deconstruct  Erth           ###.......   86%         5    ######.
 Sandblast                Erth           ###...       6%          1    None
 Petrify                  Tmut/Erth      ###.....     52%         4    ####...
 Inner Flame              Hex/Fire       ###.....     19%         3    ###....
 Beastly Appendage        Tmut           ###...       6%          1    None


Dungeon Overview and Level Annotations

Branches:
Dungeon (11/15)            Temple (1/1) D:7            Lair (0/6) D:10
    Orc: D:9-12

Altars:
Elyvilon
Fedhas
Gozag
Hepliaklqana
Makhleb
Nemelex Xobeh
Okawaru
Qazlal
Ru
Sif Muna
Wu Jian
Xom
The Shining One

Shops:
D:4 %   D:10 (


Innate Abilities, Weirdness & Mutations

Your experience applies equally to all skills.
You have very sharp teeth.
Your uncanny sense of smell can sniff out nearby items.


Message History

The ten-headed hydra barely misses you. The ten-headed hydra bites you.
* * * LOW HITPOINT WARNING * * *
The ten-headed hydra misses you. The ten-headed hydra bites you.
* * * LOW HITPOINT WARNING * * *
The ten-headed hydra bites you but does no damage.
The ten-headed hydra bites you.
* * * LOW HITPOINT WARNING * * *
a - a +0 flail (weapon)
You block the ten-headed hydra's attack.
The ten-headed hydra barely misses you.
The ten-headed hydra bites you but does no damage.
You block the ten-headed hydra's attack.
The ten-headed hydra closely misses you.
The ten-headed hydra barely misses you. The ten-headed hydra bites you!
* * * LOW HITPOINT WARNING * * *
You block the ten-headed hydra's attack.
The ten-headed hydra bites you.
* * * LOW HITPOINT WARNING * * *
The ten-headed hydra bites you!
You die...

.... ... ..#
..# ..#
####..#
#..D..#
#..@..#
#..)..####
#........+
#........#
#$....####
#.....#
#$....#####
####.........#
#............#


You could see a ten-headed hydra.

Vanquished Creatures
  3 two-headed ogres
  An elephant (D:10)
  Psyche (D:8)
  A gargoyle (D:10)
  A troll (D:9)
  A hornet (D:8)
  3 hippogriffs
  6 yaks
  A wraith (D:11)
  A hungry ghost (D:10)
  A water moccasin (D:7)
  4 sky beasts
  3 orc warriors
  3 ice beasts
  8 ogres
  A phantom (D:6)
  6 centaurs
  2 big kobolds
  5 bullfrogs
  2 crocodiles (D:10)
  3 scorpions
  10 killer bees
  2 howler monkeys
  3 electric eels (D:9)
  2 crimson imps
  A bullfrog zombie (D:7)
  2 centaur zombies
  3 hounds
  A jelly (D:10)
  7 orc wizards
  11 orc priests
  3 bullfrog skeletons
  4 iguanas
  12 worker ants
  A killer bee zombie (D:5)
  A hound zombie (D:9)
  3 hound skeletons
  2 howler monkey zombies
  A worker ant zombie (D:5)
  A howler monkey skeleton (D:4)
  9 adders
  7 gnolls
  4 shadow imps
  2 oozes
  2 adder zombies (D:5)
  An adder skeleton (D:8)
  A worm (D:2)
  10 dart slugs
  10 leopard geckos
  44 orcs
  2 ball pythons
  4 giant cockroaches
  13 goblins
  10 hobgoblins
  2 jackals (D:2)
  8 quokkas
  A ball python skeleton (D:5)
  11 bats
  4 frilled lizards
  A jackal skeleton (D:5)
  15 kobolds
  9 rats
  A plant (D:9)
298 creatures vanquished.

Vanquished Creatures (others)
  An orc wizard (D:8)
  An adder (D:9)
  A quokka (D:5)
3 creatures vanquished.

Grand Total: 301 creatures vanquished

Notes
Turn   | Place    | Note
-------+----------+-------------------------------------------
     0 | D:1      | Blackhawk the Gnoll Fighter began the quest for the Orb.
     0 | D:1      | Reached XP level 1. HP: 23/23 MP: 1/1
   346 | D:1      | Reached XP level 2. HP: 29/29 MP: 2/2
   660 | D:1      | Reached XP level 3. HP: 35/35 MP: 3/3
   943 | D:1      | Reached skill level 1 in Invocations
  1340 | D:2      | Reached skill level 1 in Short Blades
  1340 | D:2      | Reached skill level 1 in Long Blades
  1340 | D:2      | Reached skill level 1 in Axes
  1340 | D:2      | Reached skill level 1 in Polearms
  1340 | D:2      | Reached skill level 1 in Staves
  1340 | D:2      | Reached skill level 1 in Slings
  1340 | D:2      | Reached skill level 1 in Bows
  1340 | D:2      | Reached skill level 1 in Crossbows
  1340 | D:2      | Reached skill level 1 in Throwing
  1340 | D:2      | Reached skill level 1 in Dodging
  1340 | D:2      | Reached skill level 1 in Stealth
  1340 | D:2      | Reached skill level 1 in Unarmed Combat
  1340 | D:2      | Reached skill level 1 in Spellcasting
  1340 | D:2      | Reached skill level 1 in Evocations
  1409 | D:2      | Reached XP level 4. HP: 37/41 MP: 5/5
  2004 | D:3      | Reached skill level 1 in Conjurations
  2004 | D:3      | Reached skill level 1 in Hexes
  2004 | D:3      | Reached skill level 1 in Charms
  2004 | D:3      | Reached skill level 1 in Summonings
  2004 | D:3      | Reached skill level 1 in Necromancy
  2004 | D:3      | Reached skill level 1 in Translocations
  2004 | D:3      | Reached skill level 1 in Transmutations
  2004 | D:3      | Reached skill level 1 in Fire Magic
  2004 | D:3      | Reached skill level 1 in Ice Magic
  2004 | D:3      | Reached skill level 1 in Air Magic
  2004 | D:3      | Reached skill level 1 in Earth Magic
  2004 | D:3      | Reached skill level 1 in Poison Magic
  2378 | D:3      | Reached XP level 5. HP: 47/47 MP: 6/6
  2831 | D:4      | Noticed a sky beast
  2864 | D:4      | Killed a sky beast
  2864 | D:4      | Reached XP level 6. HP: 16/53 MP: 8/8
  3230 | D:4      | Reached skill level 5 in Maces & Flails
  3721 | D:4      | Found Alintaho's Food Emporium.
  3750 | D:4      | Reached XP level 7. HP: 42/59 MP: 10/10
  4222 | D:5      | Entered Level 5 of the Dungeon
  4273 | D:5      | Found a shimmering altar of Xom.
  4635 | D:5      | Found a white marble altar of Elyvilon.
  4654 | D:5      | Got a steaming helmet
  4655 | D:5      | Identified the +2 helmet of Lyunal {MR+ Str+2} (You found it on level 5 of the Dungeon)
  4833 | D:5      | Reached XP level 8. HP: 67/67 MP: 12/12
  4868 | D:5      | Got a pitted ring mail
  4879 | D:5      | Identified the +3 ring mail of Hefimoy {rF- rCorr Slay+2 Stlth+} (You found it on level 5 of the Dungeon)
  5721 | D:6      | Reached XP level 9. HP: 22/72 MP: 14/14
  6094 | D:6      | Found a glowing golden altar of the Shining One.
  7000 | D:7      | Found a staircase to the Ecumenical Temple.
  7371 | Temple   | Entered the Ecumenical Temple
  7382 | Temple   | Became a worshipper of Warmaster Okawaru
  7427 | D:8      | Found a glowing golden altar of the Shining One.
  7427 | D:8      | Found a deep blue altar of Sif Muna.
  7450 | D:8      | Reached skill level 5 in Invocations
  7495 | D:8      | Noticed a hornet
  7521 | D:8      | Reached * piety under Okawaru
  7521 | D:8      | Reached XP level 10. HP: 50/80 MP: 17/17
  7831 | D:8      | Found a blossoming altar of Fedhas.
  7831 | D:8      | Found an opulent altar of Gozag.
  7831 | D:8      | Found a sparkling altar of Nemelex Xobeh.
  7850 | D:8      | Noticed Psyche
  7860 | D:8      | Killed Psyche
  7860 | D:8      | Reached skill level 5 in Short Blades
  7860 | D:8      | Reached skill level 5 in Long Blades
  7860 | D:8      | Reached skill level 5 in Axes
  7860 | D:8      | Reached skill level 5 in Polearms
  7860 | D:8      | Reached skill level 5 in Staves
  7860 | D:8      | Reached skill level 5 in Slings
  7860 | D:8      | Reached skill level 5 in Bows
  7860 | D:8      | Reached skill level 5 in Crossbows
  7860 | D:8      | Reached skill level 5 in Throwing
  7860 | D:8      | Reached skill level 5 in Dodging
  7860 | D:8      | Reached skill level 5 in Stealth
  7860 | D:8      | Reached skill level 5 in Unarmed Combat
  7860 | D:8      | Reached skill level 5 in Spellcasting
  7860 | D:8      | Reached skill level 5 in Evocations
  8004 | D:8      | Reached ** piety under Okawaru
  8967 | D:9      | Noticed a two-headed ogre
  8981 | D:9      | Killed a two-headed ogre
  9466 | D:9      | Got a faintly glowing war axe
  9669 | D:9      | Identified the +9 war axe of Kosex Poq {pain, rF+} (You found it on level 9 of the Dungeon)
  9912 | D:10     | Entered Level 10 of the Dungeon
 10014 | D:10     | Reached *** piety under Okawaru
 10047 | D:10     | Found Efusist's Antique Weapon Emporium.
 10059 | D:10     | Received a gift from Okawaru
 10065 | D:10     | Noticed a two-headed ogre
 10075 | D:10     | Killed a two-headed ogre
 10075 | D:10     | Reached XP level 11. HP: 76/87 MP: 19/19
 10221 | D:10     | Found a staircase to the Lair.
 10406 | D:10     | Reached skill level 5 in Conjurations
 10406 | D:10     | Reached skill level 5 in Hexes
 10406 | D:10     | Reached skill level 5 in Charms
 10406 | D:10     | Reached skill level 5 in Summonings
 10406 | D:10     | Reached skill level 5 in Necromancy
 10406 | D:10     | Reached skill level 5 in Translocations
 10406 | D:10     | Reached skill level 5 in Transmutations
 10406 | D:10     | Reached skill level 5 in Fire Magic
 10406 | D:10     | Reached skill level 5 in Ice Magic
 10406 | D:10     | Reached skill level 5 in Air Magic
 10406 | D:10     | Reached skill level 5 in Earth Magic
 10406 | D:10     | Reached skill level 5 in Poison Magic
 10525 | D:10     | Noticed a two-headed ogre
 10534 | D:10     | Killed a two-headed ogre
 10534 | D:10     | Reached **** piety under Okawaru
 11104 | D:11     | Noticed a seven-headed hydra
 11114 | D:11     | HP: 3/89 [ten-headed hydra (7)]
 11116 | D:11     | Mangled by a ten-headed hydra

Skill      XL: |  1  2  3  4  5  6  7  8  9 10 11 |
---------------+----------------------------------+-----
Invocations    | 1 2 3 4 5 6 7 |  7.0
Short Blades   | 1 2 3 4 5 6 |  6.3
Long Blades    | 1 2 3 4 5 6 |  6.3
Axes           | 1 2 3 4 5 6 |  6.3
Polearms       | 1 2 3 4 5 6 |  6.3
Staves         | 1 2 3 4 5 6 |  6.3
Slings         | 1 2 3 4 5 6 |  6.3
Bows           | 1 2 3 4 5 6 |  6.3
Crossbows      | 1 2 3 4 5 6 |  6.3
Throwing       | 1 2 3 4 5 6 |  6.3
Dodging        | 1 2 3 4 5 6 |  6.3
Stealth        | 1 2 3 4 5 6 |  6.3
Unarmed Combat | 1 2 3 4 5 6 |  6.3
Spellcasting   | 1 2 3 4 5 6 |  6.3
Evocations     | 1 2 3 4 5 6 |  6.3
Conjurations   | 1 2 3 4 5 |  5.2
Hexes          | 1 2 3 4 5 |  5.2
Charms         | 1 2 3 4 5 |  5.2
Summonings     | 1 2 3 4 5 |  5.2
Necromancy     | 1 2 3 4 5 |  5.2
Translocations | 1 2 3 4 5 |  5.2
Transmutations | 1 2 3 4 5 |  5.2
Fire Magic     | 1 2 3 4 5 |  5.2
Ice Magic      | 1 2 3 4 5 |  5.2
Air Magic      | 1 2 3 4 5 |  5.2
Earth Magic    | 1 2 3 4 5 |  5.2
Poison Magic   | 1 2 3 4 5 |  5.2
Maces & Flails | 5 6 7 |  7.9
Fighting       | 7 8 9 |  9.2
Armour         | 7 8 9 |  9.2
Shields        | 7 8 9 |  9.2

Action                   |  1- 3 |  4- 6 |  7- 9 | 10-12 || total
-------------------------+-------+-------+-------+-------++-------
Melee: Flail             |   101 |   231 |   402 |   101 ||   835
       Bite              |     9 |    23 |    62 |    46 ||   140
       War axe           |       |       |       |   160 ||   160
  Use: Scroll            |       |       |    10 |    11 ||    21
       Potion            |       |       |       |     1 ||     1
 Stab: Sleeping          |       |       |    12 |     5 ||    17
       Distracted        |       |       |     1 |     2 ||     3
  Eat: Chunk             |     2 |     8 |    12 |     9 ||    31
       Ration            |       |       |       |     1 ||     1
Armor: Scale mail        |    56 |    96 |    41 |       ||   193
       Ring mail         |       |       |   103 |    96 ||   199
Dodge: Dodged            |    29 |    93 |   150 |   127 ||   399
Block: Shield            |    64 |   136 |   228 |   189 ||   617
